 Dungeon Crawl Stone Soup version 0.12.2-35-g1c9f977 (webtiles) character file.

57744 HoboGoblin the Tortoise (level 14, 0/129 HPs)
             Began as a Minotaur Fighter on Sept 14, 2013.
             Was the Champion of Okawaru.
             Slain by an eight-headed hydra (7 damage)
             ... on Level 15 of the Dungeon.
             The game lasted 02:19:02 (34096 turns).

HoboGoblin the Tortoise (Minotaur Fighter)         Turns: 34096, Time: 02:19:02

HP   0/129       AC 26     Str 24      XL: 14   Next: 34%
MP  18/18        EV  7     Int  7      God: Okawaru [******]
Gold 900         SH  0     Dex 10      Spells:  0 memorised, 13 levels left

Res.Fire  : + . .   See Invis. : +   D - +1,+2 triple sword (elec)
Res.Cold  : + . .   Warding    : .   N - +0 plate armour
Life Prot.: . . .   Conserve   : .   (no shield)
Res.Poison: +       Res.Corr.  : .   Q - +2 cap {SInv}
Res.Elec. : .       Clarity    : .   (no cloak)
Sust.Abil.: . .     Spirit.Shd : .   I - +2 pair of gloves "Broph" {rC+}
Res.Mut.  : .       Stasis     : .   E - +0 pair of boots
Res.Rott. : .       Ctrl.Telep.: .   K - amulet of faith
Saprovore : . . .   Flight     : .   F - ring of protection from fire
                                     u - ring of poison resistance

@: about to teleport, somewhat resistant to hostile enchantments, extremely
unstealthy
A: retaliatory headbutt, horns 2
a: Heroism, Finesse, Renounce Religion


You were on level 15 of the Dungeon.
You worshipped Okawaru.
Okawaru was exalted by your worship.
You were not hungry.

You visited 5 branches of the dungeon, and saw 29 of its levels.
You also visited: Ossuary and Bailey.

You collected 2553 gold pieces.
You spent 1673 gold pieces at shops.

Inventory:

Hand weapons
 e - a +2,+0 long sword of holy wrath
 r - a +4,+0 demon blade of venom
 C - a +1,+1 sabre of flaming
 D - a +1,+2 triple sword of electrocution (weapon)
 L - a +3,+2 orcish long sword of slicing
Missiles
 V - 6 javelins (quivered)
Armour
 g - a +0 large shield
 E - a +0 pair of boots (worn)
 I - the +2 pair of gloves "Broph" (worn) {rC+}
   (You found it on level 14 of the Dungeon)

   It protects you from cold.
 N - a +0 plate armour (worn)
 Q - a +2 cap of see invisible (worn)
Magical devices
 b - a wand of cold (4)
 i - a wand of teleportation (6)
 s - a wand of teleportation (3)
 z - a wand of disintegration (7)
Comestibles
 d - 12 bread rations
 f - 5 meat rations
 m - a royal jelly
 p - 7 chokos
 A - 9 pears
 G - 4 chunks of hippogriff flesh
 H - 11 bananas
Scrolls
 j - a scroll of magic mapping
 l - 7 scrolls of identify
 o - 8 scrolls of remove curse
 q - 2 scrolls of fog
 t - 2 scrolls of enchant weapon I
Jewellery
 h - an uncursed ring of sustain abilities
 u - a ring of poison resistance (left hand)
 x - an uncursed ring of sustain abilities
 y - an uncursed amulet of resist mutation
 F - a ring of protection from fire (right hand)
 K - an amulet of faith (around neck)
Potions
 a - a potion of agility
 c - 2 potions of resistance
 n - a potion of restore abilities
 w - 6 potions of curing
 P - 2 potions of speed
Books
 B - a book of Clouds

   Spells                             Type                      Level
   Mephitic Cloud                     Conjuration/Poison/Air       3
   Conjure Flame                      Conjuration/Fire             3
   Poisonous Cloud                    Conjuration/Poison/Air       6
   Freezing Cloud                     Conjuration/Ice/Air          6
   Ring of Flames                     Charms/Fire                  7


   Skills:
 + Level 16.1 Fighting
 * Level 16.1 Long Blades
 + Level 19.9 Armour
   Level 14.0 Shields
 - Level 6.4 Invocations


You had 13 spell levels left.
You didn't know any spells.

Dungeon Overview and Level Annotations

Branches:
Dungeon (15/27)            Temple (1/1) D:4             Orc (4/4) D:8
   Lair (8/8) D:9          Shoals (0/5) Lair:5        Snake (1/5) Lair:6
  Slime (0/6) Lair:7
    Elf: Orc:3-4     Vaults: D:15-20

Altars:
Ashenzari
Cheibriados
Elyvilon
Fedhas
Kikubaaqudgha
Makhleb
Nemelex Xobeh
Okawaru
Sif Muna
Trog
Vehumet
Xom
Yredelemnul
Zin
the Shining One

Shops:
D:11: ( D:14: = Orc:2: [*! Orc:4: !//*

Portals:
Trove: D:12 (give +2 gold dragon armour)

Annotations
D:7 Pikel
D:15 Nessos
Lair:1 exclusion: oklob plant


Innate Abilities, Weirdness & Mutations

You reflexively headbutt those who attack you in melee.
You have a pair of horns on your head.


Message History

Okay, then.
You hit Nessos.
There is a sudden explosion of sparks!
Nessos is moderately wounded.
Nessos unwields an uncursed longbow of flame.
Nessos completely misses you. Nessos hits you.
* * * LOW HITPOINT WARNING * * *
Nessos barely misses you.
The eight-headed hydra barely misses you.
The eight-headed hydra bites you but does no damage.
The eight-headed hydra barely misses you.
The eight-headed hydra bites you but does no damage.
The eight-headed hydra bites you.
* * * LOW HITPOINT WARNING * * *
The eight-headed hydra bites you.
* * * LOW HITPOINT WARNING * * *
The eight-headed hydra bites you.
* * * LOW HITPOINT WARNING * * *
The eight-headed hydra bites you but does no damage.
The eight-headed hydra bites you!
You die...

#.#.####...#.............#
..... #.....######.#....##
.. +....................
##..#..#.###.......#
##..#..#...........+
.....#..#####.#.....#..
.........# #.>.........
.......(.####...c...#...
.........(D@#.......#
###..#.(...c..........
#.....(((..........#..
#....(.............+
#...............####
......(.............
#.....#......#....##
......+...........+
.....####.#.#....


You could see Nessos and an eight-headed hydra.

Vanquished Creatures
  Gastronok (Lair:2)
  The ghost of hurdos the Eclecticist, a powerful DsCj of Ashenzari (D:14)
  2 hydras (Lair:8)
  Harold (D:10)
  Josephine (D:12)
  The ghost of Sachiko the Spry, a powerful SpEn of Nemelex Xobeh (D:13)
  The ghost of Dalarin the Nimble, a powerful SpVM of Vehumet (D:13)
  An anaconda (Snake:1)
  Urug (D:12)
  Nergalle (Orc:2)
  A centaur warrior (D:14)
  Erolcha (D:10)
  3 unseen horrors
  2 orc knights
  A hydra zombie (D:9)
  An orc sorcerer (Orc:3)
  3 hill giants
  2 hydra skeletons
  4 griffons
  4 cyclopes
  A dragon zombie (D:13)
  An eye of devastation (D:15)
  2 black mambas
  14 slime creatures
  7 spiny frogs
  A dragon skeleton (D:13)
  A hill giant zombie (D:13)
  17 elephants
  An item mimic (Lair:3)
  A hill giant skeleton (D:14)
  Grinder (D:4)
  5 trolls
  Sonja (D:12)
  Prince Ribbit (D:4)
  A deep dwarf artificer (D:13)
  11 spriggans (Lair:8)
  A baby alligator (D:9)
  5 komodo dragons
  17 blink frogs
  A basilisk (Lair:5)
  A giant firefly (Lair:8)
  4 grizzly bears (Lair:8)
  A jumping spider (Lair:8)
  35 yaks
  2 hungry ghosts
  2 steam dragons
  2 wyverns
  The ghost of HoboGoblin the Slasher, an average MiFi (D:5)
  A fire drake (Lair:4)
  Eustachio (D:4)
  Grum (D:11)
  A redback (Lair:8)
  10 war dogs
  4 manticores
  11 hippogriffs
  2 necrophages
  Menkaure (D:6)
  A cyclops skeleton (D:13)
  5 ice beasts
  A wyvern skeleton (D:14)
  38 orc warriors
  16 ogres
  3 sky beasts
  11 black bears
  A hippogriff zombie (D:11)
  13 centaurs
  3 giant goldfish (D:9)
  2 phantoms
  A troll zombie (D:14)
  A yellow wasp (D:12)
  A rotting devil (Orc:3)
  A troll skeleton (D:13)
  A hippogriff skeleton (D:5)
  A boring beetle (Lair:5)
  3 big kobolds
  26 wolves (Lair:8)
  10 giant slugs
  2 wargs
  A giant frog zombie (D:11)
  2 nagas
  18 giant frogs
  2 crocodiles
  A centaur zombie (D:6)
  A basilisk zombie (D:13)
  A brain worm (Lair:8)
  2 giant frog skeletons
  3 agate snails
  8 water moccasins
  4 electric eels (D:9)
  15 killer bees
  A troll simulacrum (D:14)
  6 wights
  2 mottled dragon zombies
  5 quasits
  11 hounds
  19 orc priests
  8 crimson imps
  A goliath beetle (D:8)
  4 big fish (D:9)
  11 worker ants
  10 scorpions
  3 shadows
  25 orc wizards
  11 iguanas
  10 porcupines
  19 sheep
  8 jellies
  10 mummies (Ossuary)
  25 adders
  4 giant centipedes
  38 green rats
  2 giant mites
  5 worms
  3 giant eyeballs
  4 giant geckos
  3 gnoll zombies (Ossuary)
  3 oozes
  125 orcs
  19 bats
  3 giant cockroaches
  23 hobgoblins
  19 jackals
  24 kobolds
  13 quokkas
  A ball python (D:1)
  3 giant newts
  A giant spore (D:13)
  18 goblins
  3 hobgoblin zombies (Ossuary)
  2 kobold zombies (Ossuary)
  A quokka skeleton (D:6)
  20 rats
  A rat zombie (D:5)
  8 spectral orcs
  7 ballistomycetes
  A fungus (Lair:6)
  A plant (D:8)
946 creatures vanquished.

Vanquished Creatures (others)
  An orc wizard (Orc:2)
  A porcupine (Lair:6)
  10 scorpions (D:13)
  A green rat (Lair:8)
  3 orcs
  A hobgoblin (D:11)
  3 giant spores (D:14)
  2 goblins
  A kobold (D:13)
  A rat (D:2)
  A ballistomycete (D:14)
  2 fungi
27 creatures vanquished.

Grand Total: 973 creatures vanquished

Notes
Turn   | Place    | Note
--------------------------------------------------------------
     0 | D:1      | HoboGoblin, the Minotaur Fighter, began the quest for the Orb.
     0 | D:1      | Reached XP level 1. HP: 19/19 MP: 0/0
    45 | D:3      | Reached XP level 2. HP: 24/26 MP: 0/0
   417 | D:3      | Reached skill level 4 in Shields
   417 | D:3      | Reached XP level 3. HP: 22/33 MP: 1/1
   698 | D:4      | Noticed an ogre
   702 | D:4      | Killed an ogre
   702 | D:4      | Reached XP level 4. HP: 40/40 MP: 1/1
   702 | D:4      | Reached XP level 5. HP: 46/46 MP: 1/1
   729 | D:4      | Noticed an ogre
   733 | D:4      | Killed an ogre
   772 | D:4      | Reached skill level 5 in Long Blades
   772 | D:4      | Reached skill level 5 in Shields
   786 | D:4      | Reached XP level 6. HP: 48/53 MP: 2/2
   822 | D:5      | Entered Level 5 of the Dungeon
   843 | D:5      | Reached skill level 5 in Fighting
   843 | D:5      | Reached skill level 5 in Armour
  1095 | D:5      | Reached skill level 6 in Long Blades
  1372 | D:4      | HP: 1/53 [iguana (6)]
  1374 | D:4      | Reached XP level 7. HP: 1/60 MP: 2/2
  1747 | D:4      | Noticed Eustachio
  1750 | D:4      | Noticed Prince Ribbit
  1758 | D:4      | Killed Prince Ribbit
  1862 | D:4      | Found a staircase to the Ecumenical Temple.
  1882 | Temple   | Entered the Ecumenical Temple
  1993 | Temple   | Became a worshipper of Warmaster Okawaru
  2946 | D:2      | Reached skill level 7 in Long Blades
  3678 | D:4      | Noticed Grinder
  3692 | D:4      | Killed Grinder
  3692 | D:4      | Reached XP level 8. HP: 52/68 MP: 2/2
  3784 | D:4      | Found a blossoming altar of Fedhas.
  4176 | D:4      | Reached skill level 15 in Long Blades
  4176 | D:4      | Reached XP level 9. HP: 74/74 MP: 3/3
  4184 | D:4      | Killed Eustachio
  4557 | D:5      | Noticed HoboGoblin's ghost (average MiFi)
  4572 | D:5      | Killed HoboGoblin's ghost
  4572 | D:5      | Acquired Okawaru's first power
  4968 | D:5      | Reached skill level 1 in Invocations
  5289 | D:6      | Noticed Menkaure
  5295 | D:6      | Killed Menkaure
  5769 | D:7      | Found a white marble altar of Elyvilon.
  6549 | D:7      | Reached XP level 10. HP: 80/84 MP: 9/9
  6691 | D:7      | Noticed Pikel
  6848 | D:8      | Found a sand-covered staircase.
  6852 | Ossuary  | Entered an ossuary
  7400 | D:8      | Found a staircase to the Orcish Mines.
  7709 | D:9      | Reached skill level 5 in Invocations
  8438 | D:9      | Found a basalt altar of Yredelemnul.
  8522 | D:9      | Found a staircase to the Lair.
  8561 | D:9      | Acquired Okawaru's second power
  8718 | D:9      | Reached XP level 11. HP: 42/92 MP: 14/14
  9781 | D:9      | Paralysed by a giant eyeball for 3 turns
 10020 | D:9      | Found a bloodstained altar of Trog.
 10086 | D:10     | Entered Level 10 of the Dungeon
 10086 | D:10     | Noticed Harold
 10235 | D:10     | Killed Harold
 10235 | D:10     | Reached skill level 10 in Armour
 10787 | D:10     | Noticed a hill giant
 10801 | D:10     | Killed a hill giant
 11176 | D:10     | Noticed Erolcha
 11195 | D:10     | Killed Erolcha
 11195 | D:10     | Reached skill level 10 in Fighting
 11195 | D:10     | Reached skill level 10 in Shields
 12085 | D:11     | Found Schetzias' Antique Weapon Shop.
 12087 | D:11     | Noticed Grum
 12109 | D:11     | Killed Grum
 12162 | D:11     | Received a gift from Okawaru
 12261 | D:11     | Noticed a hill giant
 12277 | D:11     | Killed a hill giant
 12897 | D:12     | Reached XP level 12. HP: 59/104 MP: 16/16
 13019 | D:12     | Found a portal to a secret trove of treasure.
 13103 | D:12     | Noticed Sonja
 13631 | D:12     | Killed Sonja
 13644 | D:12     | Noticed Urug
 13684 | D:12     | Killed Urug
 14009 | D:13     | Noticed Josephine
 14023 | D:12     | Reached XP level 11. HP: 68/96 MP: 14/14
 14027 | D:12     | Killed Josephine
 14145 | D:12     | Reached XP level 12. HP: 73/104 MP: 16/16
 14256 | D:13     | Noticed Sachiko's ghost (powerful SpEn)
 14288 | D:13     | Noticed Dalarin's ghost (powerful SpVM)
 14547 | D:13     | Received a gift from Okawaru
 15208 | D:13     | Reached XP level 11. HP: 80/97 MP: 14/14
 15434 | Orc:1    | Entered Level 1 of the Orcish Mines
 15985 | Orc:1    | Found a flagged portal.
 15992 | Bailey   | Entered a bailey
 17071 | Bailey   | Reached XP level 12. HP: 87/106 MP: 16/16
 17515 | Bailey   | Found a roughly hewn altar of Beogh.
 17515 | Bailey   | Noticed an orc knight
 18038 | Orc:2    | Found Klyuniona's General Store.
 18080 | Orc:2    | Bought a potion of might for 32 gold pieces
 18167 | Orc:2    | Found Niahygun's Distillery.
 18276 | Orc:2    | Found Miocvir's Antique Armour Shop.
 18318 | Orc:2    | Bought a pair of bloodstained gloves for 186 gold pieces
 18318 | Orc:2    | Bought a bloodstained shield for 285 gold pieces
 18330 | Orc:2    | Identified the +2 shield of Pheniffoi {rElec Dex-3 SInv} (You bought it in a shop on level 2 of the Orcish Mines)
 18333 | Orc:2    | Identified the cursed -5 pair of gloves of Kamnorul {rElec} (You bought it in a shop on level 2 of the Orcish Mines)
 18723 | Orc:3    | Noticed Nergalle
 18881 | Orc:3    | Reached XP level 11. HP: 97/97 MP: 13/14
 18963 | Orc:3    | Noticed a spectral orc warlord
 18985 | Orc:2    | Killed Nergalle
 19005 | Orc:2    | Killed a spectral orc warlord
 19251 | Orc:4    | Entered Level 4 of the Orcish Mines
 19640 | Orc:4    | Noticed a centaur warrior
 19681 | Orc:4    | Noticed an orc knight
 19695 | Orc:4    | Killed an orc knight
 19695 | Orc:4    | Received a gift from Okawaru
 19695 | Orc:4    | Reached XP level 12. HP: 18/106 MP: 13/16
 20386 | Orc:4    | Reached skill level 15 in Armour
 20500 | Orc:4    | Found Fraycsoa's Magical Wand Shop.
 20500 | Orc:4    | Found Pla Touw's Magical Wand Shoppe.
 20503 | Orc:4    | Found Hopait's Assorted Antiques.
 20505 | Orc:4    | Found Stekh's Distillery.
 20523 | Orc:4    | Bought a wand of teleportation (6) for 450 gold pieces
 20539 | Orc:4    | Noticed an orc knight
 20789 | Lair:1   | Entered Level 1 of the Lair of Beasts
 21799 | Lair:2   | Got a polished ring mail
 21813 | Lair:2   | Identified the cursed -3 ring mail of Starshine {Acc+4 Dam-6} (You found it on level 2 of the Lair of Beasts)
 21995 | Lair:2   | Noticed Gastronok
 22025 | Lair:2   | Killed Gastronok
 22475 | Lair:3   | Got an inconspicuous book
 22476 | Lair:3   | Identified the Almanac of Self-Knowledge and the Compass (You found it on level 3 of the Lair of Beasts)
 23478 | Lair:4   | Received a gift from Okawaru
 23481 | Lair:4   | Got an ebony long sword {god gift}
 23482 | Lair:4   | Identified the long sword of Okawaru's Approval {god gift, pain, rF+} (Okawaru gifted it to you on level 4 of the Lair of Beasts)
 23499 | Lair:4   | Found an ancient bone altar of Kikubaaqudgha.
 24362 | Lair:4   | Reached skill level 16 in Armour
 24688 | Lair:5   | Received a gift from Okawaru
 24696 | Lair:5   | Got an encrusted scimitar {god gift}
 24697 | Lair:5   | Identified the scimitar "Morage" {god gift, slay orc, +Blink rElec rPois rF+} (Okawaru gifted it to you on level 5 of the Lair of Beasts)
 25210 | Lair:5   | Found a staircase to the Shoals.
 25295 | Lair:5   | Reached XP level 13. HP: 83/116 MP: 17/17
 25319 | Lair:5   | Received a gift from Okawaru
 25545 | Lair:5   | Reached skill level 17 in Armour
 25881 | Lair:6   | Found a staircase to the Snake Pit.
 27382 | Lair:7   | Received a gift from Okawaru
 27383 | Lair:7   | Got a pitted mace {god gift}
 27507 | Lair:7   | Found a staircase to the Slime Pits.
 27877 | Lair:8   | Entered Level 8 of the Lair of Beasts
 28060 | Lair:8   | Noticed an eight-headed hydra
 28074 | Lair:8   | Killed a hydra
 28074 | Lair:8   | Reached skill level 18 in Armour
 28324 | Lair:8   | Received a gift from Okawaru
 28500 | Lair:8   | Noticed a five-headed hydra
 28824 | Lair:8   | Killed a hydra
 28956 | Lair:8   | Reached skill level 15 in Fighting
 29521 | Lair:5   | Reached skill level 19 in Armour
 29808 | D:13     | Reached XP level 14. HP: 121/127 MP: 18/18
 29855 | D:13     | Killed Sachiko's ghost
 30003 | D:13     | Reached XP level 13. HP: 97/119 MP: 17/17
 30357 | D:13     | Killed Dalarin's ghost
 30651 | D:13     | Received a gift from Okawaru
 30769 | D:13     | Reached XP level 14. HP: 44/128 MP: 18/18
 31161 | D:13     | Reached XP level 13. HP: 119/119 MP: 17/17
 31260 | D:14     | Entered Level 14 of the Dungeon
 31433 | D:14     | Found a blossoming altar of Fedhas.
 31479 | D:14     | Reached XP level 14. HP: 68/128 MP: 18/18
 31686 | D:14     | Noticed hurdos' ghost (powerful DsCj)
 31733 | D:14     | HP: 4/128 [hurdos' ghost/orb of energy (22)]
 31741 | D:14     | Killed hurdos' ghost
 32213 | D:14     | Received a gift from Okawaru
 32222 | D:14     | Found Erab Xaug's Jewellery Shop.
 32231 | D:14     | Bought an uncursed ring of poison resistance for 240 gold pieces
 32231 | D:14     | Bought an uncursed amulet of resist mutation for 480 gold pieces
 32653 | D:14     | Got a pair of polished gloves
 32657 | D:14     | Identified the +2 pair of gloves "Broph" {rC+} (You found it on level 14 of the Dungeon)
 32965 | Snake:1  | Entered Level 1 of the Snake Pit
 33936 | D:15     | Entered Level 15 of the Dungeon
 34077 | D:15     | Noticed Nessos
 34096 | D:15     | Slain by an eight-headed hydra

Action                   |  1- 3 |  4- 6 |  7- 9 | 10-12 | 13-15 || total
-------------------------+-------+-------+-------+-------+-------++-------
Melee: Falchion          |    27 |       |       |    22 |       ||    49
       Long sword        |    12 |    63 |   423 |  2617 |   867 ||  3982
       Great sword       |       |       |       |    53 |       ||    53
       Sabre             |       |       |       |     2 |    18 ||    20
       Triple sword      |       |       |       |       |   191 ||   191
Invok: Heroism           |       |       |       |    15 |     4 ||    19
       Finesse           |       |       |       |     2 |       ||     2
Evoke: Wand              |     1 |     1 |    14 |    32 |     9 ||    57
  Use: Potion            |       |       |    11 |    14 |     8 ||    33
       Scroll            |       |       |    19 |    24 |     6 ||    49
 Stab: Confused          |       |       |       |       |     1 ||     1
